 Dungeon Crawl Stone Soup version 0.25.0-33-gff14898491 (console) character file.

Game seed: 5195752805153092716

99 Colgate the Skirmisher (level 4, -2/40 HPs)
             Began as a Centaur Chaos Knight on July 7, 2020.
             Was a Plaything of Xom.
             Slain by an orc
             ... wielding a +2 mace of protection
              (8 damage)
             ... on level 3 of the Dungeon.
             The game lasted 00:14:23 (1865 turns).

Colgate the Skirmisher (Centaur Chaos Knight)       Turns: 1865, Time: 00:14:23

Health: -2/40      AC:  6    Str: 14      XL:     4   Next: 45%
Magic:  4/4        EV:  9    Int: 16 (17) God:    Xom [*.....]
Gold:   206        SH:  0    Dex: 10      Spells: 3/3 levels left

rFire    . . .     SeeInvis +   f - -1 dagger (curse)
rCold    . . .     Gourm    .   (no shield)
rNeg     . . .     Faith    .   b - +2 leather armour
rPois    .         Spirit   .   (no helmet)
rElec    .         Reflect  .   (no cloak)
rCorr    .         Harm     .   (no gloves)
MR       .....                  (no barding)
Stlth    ..........             (no amulet)
HPRegen  0.13/turn              j - +6 ring of intelligence
MPRegen  0.09/turn              o - ring of see invisible

@: berserk cooldown, very quick
A: large, hooves 3, deformed body, speed 2, tough skin 3
a: Renounce Religion


You were on level 3 of the Dungeon.
You worshipped Xom.
You were a special plaything of Xom.
You were hungry.

You visited 1 branch of the dungeon, and saw 3 of its levels.

You collected 206 gold pieces.

Inventory:

Hand Weapons
 a - a +1 falchion of chaos
 f - a cursed -1 dagger (weapon)
Missiles
 e - 51 stones (quivered)
Armour
 b - a +2 leather armour (worn)
 g - a +0 ring mail
Jewellery
 j - a +6 ring of intelligence (left hand)
 m - an uncursed ring of flight
 o - a ring of see invisible (right hand)
Scrolls
 h - a scroll of enchant weapon
 n - 2 scrolls of identify
Potions
 d - 2 potions of curing
 k - a potion of lignification
Comestibles
 c - 4 rations


   Skills:
 + Level 4.2 Fighting
 + Level 3.4 Long Blades
 + Level 0.7 Throwing
 + Level 1.8 Armour
 + Level 1.0 Dodging


You had 3 spell levels left.
You didn't know any spells.
Your spell library was empty.

Dungeon Overview and Level Annotations

Branches:
Dungeon (3/15)

Altars:
Xom


Innate Abilities, Weirdness & Mutations

You have hooves in place of feet.
Armour fits poorly on your strangely shaped body.
You cover ground very quickly.
You have extremely tough skin. (AC +3)


Message History

You throw a stone.
The stone hits the orc but does no damage.
You feel yourself speed up. The orc hits you but does no damage.
A quokka comes into view.
The orc barely misses you.
Throwing (i - inventory)
e - 53 stones (quivered)
Press: ? - help, Shift-Dir - straight line, f/p - orc
Aim: an orc, wielding a +0 hand axe and wearing a +0 chain mail You throw a stone.
The stone hits the orc but does no damage.
You are feeling hungry.
Throwing (i - inventory)
e - 52 stones (quivered)
Press: ? - help, Shift-Dir - straight line, f/p - orc
Aim: an orc, wielding a +0 hand axe and wearing a +0 chain mail You throw a stone.
The stone hits the orc but does no damage.
The orc hits you with a +2 mace of protection!
You die...
Xom bursts into laughter!

###.......###..
.........).....
###....(....(..
#....(......#
#####(......#
#.....((####.# ..
#)....o......##.
#$..(.......... .
#..(..........# ..
#o(...r.......#...
#@oo..........#...
#..........l......
########.[.....(..
#......)...
#.....#....
###.### .o.
######.# ..
#......# #
#.###### #.# #.#


You could see an orc wizard, 3 orcs and a quokka.

Vanquished Creatures
  A crimson imp (D:3)
  2 adders (D:2)
  An ooze (D:1)
  A dart slug (D:2)
  A leopard gecko (D:3)
  An orc (D:3)
  2 bats
  A giant cockroach (D:1)
  5 goblins
  7 hobgoblins
  7 kobolds
  A quokka (D:2)
  2 frilled lizards
  7 rats
39 creatures vanquished.

Notes
Turn   | Place    | Note
-------+----------+-------------------------------------------
     0 | D:1      | Colgate the Centaur Chaos Knight began the quest for the
                  | Orb.
     0 | D:1      | Reached XP level 1. HP: 19/19 MP: 1/1
    23 | D:1      | Reached XP level 2. HP: 26/26 MP: 2/2
   129 | D:1      | XOM is BORED!
   129 | D:1      | XOM: silly message
   241 | D:1      | XOM: silly message
   378 | D:1      | XOM: silly message
   708 | D:1      | XOM: silly message
   753 | D:2      | XOM: potion effect (heal wounds)
   762 | D:2      | Reached XP level 3. HP: 24/33 MP: 3/3
   969 | D:2      | Reached skill level 4 in Fighting
  1219 | D:2      | XOM is BORED!
  1219 | D:2      | XOM: stat loss: -3 Int (14/17)
  1353 | D:2      | XOM: scenery: create altars
  1797 | D:3      | XOM: 2-stop teleportation journey
  1826 | D:3      | Reached skill level 1 in Dodging
  1826 | D:3      | Reached XP level 4. HP: 23/40 MP: 4/4
  1865 | D:3      | Slain by an orc

Illustrated notes

Levels and vault maps discovered:
D:1:      giann_horns, layout_rooms, chequers_serial_rivers_micro_b
D:2:      layout_rooms
D:3:      layout_basic, makhleb_altar_promises_db, uniq_terence

Skill      XL: |  1  2  3 |
---------------+----------+-----
Long Blades    | 3 |  3.4
Fighting       | 4 |  4.2
Dodging        | 1 |  1.0
Throwing       | |  0.7
Armour         | |  1.8

Action                   |  1- 3 |  4- 6 || total
-------------------------+-------+-------++-------
Melee: Falchion          |     8 |       ||     8
       Dagger            |   169 |    20 ||   189
       Kick              |    25 |     2 ||    27
Throw: Stone             |    33 |     8 ||    41
  Use: Scroll            |     6 |       ||     6
       Potion            |     3 |       ||     3
  Eat: Chunk             |     2 |       ||     2
Armor: Leather armour    |    69 |    15 ||    84
Dodge: Dodged            |    99 |    14 ||   113
